 Dungeon Crawl Stone Soup version 0.23.2-30-g0e89c35649 (webtiles) character file.

Game seed: 4229055559568610730

264 Hivemind the Cudgeler (level 6, -1/52 HPs)
             Began as a Hill Orc Fighter on June 9, 2019.
             Killed from afar by an orc wizard (6 damage)
             ... with a magic dart
             ... on level 4 of the Dungeon.
             The game lasted 00:08:25 (2502 turns).

Hivemind the Cudgeler (Hill Orc Fighter)            Turns: 2502, Time: 00:08:26

Health: -1/52      AC:  6    Str: 19    XL:     6   Next: 19%
Magic:  15/15      EV:  7    Int:  6    God:
Gold:   125        SH:  9    Dex: 12    Spells: 5/5 levels left

rFire    . . .     SeeInvis .   a - +0 flail
rCold    . . .     Gourm    .   c - +0 shield
rNeg     . . .     Faith    .   b - +0 scale mail
rPois    .         Spirit   .   (no helmet)
rElec    .         Reflect  .   (no cloak)
rCorr    .         Harm     .   (no gloves)
MR       .....                  (no boots)
Stlth    ..........             (no amulet)
HPRegen  0.17/turn              i - ring of magical power
MPRegen  0.14/turn              z - -2 ring of intelligence (curse)

@: no status effects
A: no striking features
a: no special abilities


You were on level 4 of the Dungeon.
You were hungry.

You visited 1 branch of the dungeon, and saw 4 of its levels.

You collected 125 gold pieces.

Inventory:

Hand Weapons
 a - a +0 flail (weapon)
Missiles
 m - 55 stones (quivered)
 y - 2 tomahawks of dispersal
Armour
 b - a +0 scale mail (worn)
 c - a +0 shield (worn)
Jewellery
 i - a ring of magical power (left hand)
 u - an uncursed amulet of the acrobat
 z - a cursed -2 ring of intelligence (right hand)
Scrolls
 g - a scroll of random uselessness {unknown}
 j - 4 scrolls of remove curse
 n - a scroll of teleportation {unknown}
 o - a scroll of magic mapping {unknown}
 p - a scroll of enchant armour {unknown}
 r - 2 scrolls of fear {unknown}
 s - a scroll of identify {unknown}
Potions
 d - a potion of might
 e - a potion of magic
 h - 2 potions of cancellation {unknown}
 k - a potion of curing {unknown}
 l - 2 potions of brilliance {unknown}
 q - 2 potions of lignification {unknown}
 t - a potion of heal wounds {unknown}
 v - 2 potions of ambrosia {unknown}
 w - a potion of flight {unknown}
 x - a potion of haste {unknown}
Comestibles
 f - 4 rations


   Skills:
 - Level 4.1 Fighting
 + Level 6.4 Maces & Flails
 - Level 3.5 Armour
 - Level 3.4 Shields


You had 5 spell levels left.
You didn't know any spells.
Your spell library was empty.

Dungeon Overview and Level Annotations

Branches:
Dungeon (4/15)
 Temple: D:4-7

Altars:


Message History

The orc wizard hits you but does no damage.
You hit the orc wizard.
The orc wizard is severely wounded.
You feel yourself speed up.
The orc wizard mumbles some strange words.
The orc wizard blinks!
The orc wizard looks satisfied for a moment.
You hit the orc wizard.
You kill the orc wizard!
The orc wizard points at you and mumbles some strange words.
You resist with some effort.
You sock the orc wizard!
The orc wizard is severely wounded.
The orc wizard hits you but does no damage.
You hit the orc wizard.
The orc wizard is almost dead.
You block the orc wizard's attack. The orc wizard casts a spell at you.
The magic dart hits you.
You die...

##### #.# #$#
#.# #.# #.# #.#
#.# #.# ## #.#
#.# .# #.# #.#
.# #.# #.# .#
#.###.###.##
#......#@o.#
#####...)#......
##.#...#####
#.##.## #.. .#
#..... ...####
...# ..


You could see an orc wizard.

Vanquished Creatures
  2 orc wizards (D:4)
  Natasha (thrice) (D:3)
  4 adders
  An ooze (D:3)
  2 worms (D:3)
  6 dart slugs
  4 leopard geckos
  5 orcs
  4 bats
  3 giant cockroaches
  7 hobgoblins
  9 jackals
  A quokka (D:3)
  A ball python (D:1)
  2 frilled lizards
  5 goblins
  6 kobolds
  A leopard gecko skeleton (D:4)
  6 rats
72 creatures vanquished.

Vanquished Creatures (others)
  A frilled lizard (D:1)
1 creature vanquished.

Grand Total: 73 creatures vanquished

Notes
Turn   | Place    | Note
-------+----------+-------------------------------------------
     0 | D:1      | Hivemind the Hill Orc Fighter began the quest for the Orb.
     0 | D:1      | Reached XP level 1. HP: 19/19 MP: 1/1
    80 | D:1      | Reached XP level 2. HP: 19/27 MP: 2/2
   431 | D:1      | Reached XP level 3. HP: 33/33 MP: 3/3
   452 | D:1      | Reached skill level 3 in Maces & Flails
   805 | D:2      | Reached XP level 4. HP: 25/40 MP: 4/4
  1040 | D:2      | Reached skill level 4 in Maces & Flails
  1826 | D:3      | Reached XP level 5. HP: 40/46 MP: 5/5
  1919 | D:3      | Reached skill level 5 in Maces & Flails
  2015 | D:3      | Noticed Natasha
  2023 | D:3      | Killed Natasha
  2023 | D:3      | Noticed Natasha
  2032 | D:3      | Killed Natasha
  2111 | D:3      | Noticed Natasha
  2120 | D:3      | Killed Natasha
  2490 | D:4      | Reached skill level 6 in Maces & Flails
  2490 | D:4      | Reached XP level 6. HP: 36/52 MP: 6/6
  2502 | D:4      | Killed from afar by an orc wizard

Skill      XL: |  1  2  3  4  5 |
---------------+----------------+-----
Fighting       | 4 |  4.1
Maces & Flails | 3 4 6 |  6.4
Armour         | |  3.5
Shields        | |  3.4

Action                   |  1- 3 |  4- 6 || total
-------------------------+-------+-------++-------
Melee: Flail             |   102 |   142 ||   244
Throw: Stone             |     2 |    58 ||    60
       Tomahawk          |       |     2 ||     2
  Use: Scroll            |       |     1 ||     1
       Potion            |       |     1 ||     1
  Eat: Chunk             |       |     5 ||     5
Armor: Scale mail        |    61 |    46 ||   107
Dodge: Dodged            |    35 |    39 ||    74
Block: Shield            |    59 |    69 ||   128
